 Dungeon Crawl Stone Soup version 0.31-a0-1447-g87ca8d402b (webtiles) character file.

Game seed: 4594660214617486281

491 lessens the Ducker (level 7, -1/60 HPs)
             Began as a Gnoll Monk on Dec 27, 2023.
             Slain by a black bear (5 damage)
             ... on level 5 of the Dungeon on Dec 31, 2023.
             The game lasted 00:05:49 (3886 turns).

lessens the Ducker (Gnoll Monk)                     Turns: 3886, Time: 00:05:49

Health: -1/60      AC:  7    Str: 12    XL:     7   Next: 14%
Magic:  10/10      EV: 12    Int: 10    God:
Gold:   195        SH:  6    Dex: 14    Spells: 10/10 levels left

rFire   . . .        a - +0 hand axe
rCold   . . .        j - +2 buckler
rNeg    . . .        o - +0 ring mail
rPois   .            v - +0 helmet
rElec   .            t - +0 cloak
rCorr   .            (no gloves)
SInv    .            (no boots)
Will    .....        (no amulet)
Stlth   +            (no ring)
HPRegen 0.30/turn    (no ring)
MPRegen 0.12/turn

%: no passive effects
@: no status effects
A: fangs 1, strong nose, distributed training
a: no special abilities


You were on level 5 of the Dungeon.
You visited 1 branch of the dungeon, and saw 5 of its levels.

You collected 195 gold pieces.

Inventory:

Hand Weapons
 a - a +0 hand axe (weapon)
Missiles
 e - 33 stones
 q - 4 atropa-tipped darts
 w - a boomerang
 D - 2 curare-tipped darts
Armour
 b - a +0 robe
 d - an orb of light
 j - a +2 buckler (worn)
 o - a +0 ring mail (worn)
 p - a +0 scale mail
 t - a +0 cloak (worn)
 v - a +0 helmet (worn)
Jewellery
 x - a ring of see invisible
Wands
 A - a wand of flame (14)
Scrolls
 g - a scroll of teleportation {unknown}
 i - 2 scrolls of vulnerability {unknown}
 k - 2 scrolls of fog {unknown}
 l - 2 scrolls of blinking {unknown}
 m - a scroll of immolation {unknown}
 r - 2 scrolls of poison {unknown}
 u - 2 scrolls of identify {unknown}
 y - a scroll of fear {unknown}
 z - a scroll of amnesia {unknown}
 B - 2 scrolls of torment {unknown}
 C - a scroll of butterflies {unknown}
Potions
 c - a potion of ambrosia
 f - a potion of magic {unknown}
 h - a potion of berserk rage {unknown}
 n - 2 potions of might
 s - a potion of mutation {unknown}


   Skills:
 + Level 7.0 Fighting
 + Level 2.4 Short Blades
 + Level 2.4 Long Blades
 + Level 7.0 Axes
 + Level 2.4 Maces & Flails
 + Level 2.4 Polearms
 + Level 2.4 Staves
 + Level 2.4 Ranged Weapons
 + Level 2.4 Throwing
 + Level 2.4 Armour
 + Level 7.0 Dodging
 + Level 2.4 Stealth
 + Level 2.4 Shields
 + Level 2.4 Unarmed Combat
 + Level 2.4 Spellcasting
 + Level 2.0 Conjurations
 + Level 2.0 Hexes
 + Level 2.0 Summonings
 + Level 2.0 Necromancy
 + Level 2.0 Translocations
 + Level 2.0 Fire Magic
 + Level 2.0 Ice Magic
 + Level 2.0 Air Magic
 + Level 2.0 Earth Magic
 + Level 2.0 Alchemy
 + Level 2.6 Invocations
 + Level 2.4 Evocations
 + Level 2.2 Shapeshifting


You had 10 spell levels left.
You didn't know any spells.
Your spell library contained the following spells:

 Spells                   Type           Power      Damage    Failure   Level
 Call Imp                 Summ           10%        N/A       52%         2
 Ensorcelled Hibernation  Hex/Ice        10%        N/A       52%         2
 Fugue of the Fallen      Necr           5%         N/A       77%         3
 Anguish                  Hex/Necr       2%         N/A       99%         4
 Summon Lightning Spire   Summ/Air       5%         N/A       99%         4


Dungeon Overview and Level Annotations

Branches:
Dungeon (5/15) Zot: 26108
 Temple: D:4-7

Altars:
The Shining One


Innate Abilities, Weirdness & Mutations

You have very sharp teeth.
Your uncanny sense of smell can sniff out nearby items.
Your experience applies equally to all skills.


Message History

You closely miss the black bear.
The black bear is severely wounded.
The black bear bites you.
The black bear claws you but does no damage.
The black bear claws you. You block the black bear's attack.
The black bear claws you. You block the black bear's attack.
You are too injured to fight recklessly!
You are too injured to fight recklessly!
Okay, then.
You are too injured to fight recklessly!
You hit the black bear.
The black bear is almost dead.
The black bear bites you but does no damage.
The black bear misses you. x2
You hit the black bear but do no damage.
The black bear is almost dead.
The black bear bites you! The black bear completely misses you.
You block the black bear's attack. x2; The black bear claws you.
* * * LOW HITPOINT WARNING * * *
The black bear claws you.
* * * LOW HITPOINT WARNING * * *
You hit the black bear.
The black bear is almost dead.
The black bear bites you.
* * * LOW HITPOINT WARNING * * *
The black bear barely misses you. The black bear closely misses you.
You hit the black bear.
The black bear is almost dead.
You block the black bear's attack. The black bear completely misses you.
You block the black bear's attack.
The black bear bites you but does no damage.
The black bear claws you but does no damage.
The black bear closely misses you.
You hit the black bear but do no damage.
The black bear is almost dead.
The black bear bites you!
* * * LOW HITPOINT WARNING * * *
The black bear claws you but does no damage.
The black bear claws you.
You die...

##############
..#..........#
#.#.########.# #.#.# #.#
#.#.# #.# #.#.# ##.#####
#h#.# #.......
######@#.#######.......
..................>.....
#######.#.#######.......
#.#.# ##'##### #.#.#
##.##### ..#.# #......#
..#.# #......# ∆ ...#.#
#......# ...#+# #......#


You could see a black bear (berserk).

Vanquished Creatures
  An ice beast (D:5)
  3 bombardier beetles
  A hound (D:4)
  An orc priest (D:4)
  An iguana (D:4)
  An orc wizard (D:2)
  Robin (D:3)
  7 adders
  2 worms (D:2)
  2 dart slugs
  9 orcs
  3 endoplasms
  3 giant cockroaches
  12 goblins
  11 hobgoblins
  7 jackals
  2 quokkas
  8 ball pythons
  11 bats
  7 frilled lizards
  8 kobolds
  2 rats
103 creatures vanquished.

Notes
Turn   | Place    | Note
-------+----------+-------------------------------------------
     0 | D:1      | lessens the Gnoll Monk began the quest for the Orb.
     0 | D:1      | Reached XP level 1. HP: 23/23 MP: 1/1
   272 | D:1      | You fall into a shaft and drop 1 floor!
   314 | D:2      | Reached XP level 2. HP: 29/29 MP: 2/2
   704 | D:1      | Reached XP level 3. HP: 35/35 MP: 3/3
  1041 | D:2      | Reached skill level 1 in Invocations
  1198 | D:2      | Reached skill level 1 in Short Blades
  1198 | D:2      | Reached skill level 1 in Long Blades
  1198 | D:2      | Reached skill level 1 in Maces & Flails
  1198 | D:2      | Reached skill level 1 in Polearms
  1198 | D:2      | Reached skill level 1 in Staves
  1198 | D:2      | Reached skill level 1 in Ranged Weapons
  1198 | D:2      | Reached skill level 1 in Throwing
  1198 | D:2      | Reached skill level 1 in Armour
  1198 | D:2      | Reached skill level 1 in Stealth
  1198 | D:2      | Reached skill level 1 in Shields
  1198 | D:2      | Reached skill level 1 in Unarmed Combat
  1198 | D:2      | Reached skill level 1 in Spellcasting
  1198 | D:2      | Reached skill level 1 in Evocations
  1247 | D:2      | Reached skill level 1 in Shapeshifting
  1247 | D:2      | Reached XP level 4. HP: 39/41 MP: 5/5
  1426 | D:2      | Reached skill level 1 in Conjurations
  1426 | D:2      | Reached skill level 1 in Hexes
  1426 | D:2      | Reached skill level 1 in Summonings
  1426 | D:2      | Reached skill level 1 in Necromancy
  1426 | D:2      | Reached skill level 1 in Translocations
  1426 | D:2      | Reached skill level 1 in Fire Magic
  1426 | D:2      | Reached skill level 1 in Ice Magic
  1426 | D:2      | Reached skill level 1 in Air Magic
  1426 | D:2      | Reached skill level 1 in Earth Magic
  1426 | D:2      | Reached skill level 1 in Alchemy
  1907 | D:3      | Found a glowing golden altar of the Shining One.
  2253 | D:3      | Noticed Robin
  2296 | D:2      | Reached XP level 5. HP: 43/47 MP: 7/7
  2308 | D:3      | Killed Robin
  2828 | D:4      | Reached XP level 6. HP: 40/53 MP: 8/8
  3489 | D:4      | Identified the +1 whip of Hotiuv {pain, +Blink rPois Str+5
                  | Stlth-}
  3518 | D:5      | Entered Level 5 of the Dungeon
  3582 | D:5      | Got Qimealoy's Directory of Command
  3672 | D:5      | Noticed an ice beast
  3688 | D:5      | Killed an ice beast
  3689 | D:5      | Reached XP level 7. HP: 29/60 MP: 10/10
  3886 | D:5      | Slain by a black bear

Illustrated notes

Levels and vault maps discovered:
D:1:      dpeg_arrival_simpleton_b, layout_loops_corners
D:2:      layout_loops_ring
D:3:      layout_basic, nicolae_overflow_hidden_temple, serial_park_tiny_pond,
          uniq_robin
D:4:      layout_loops_ring, minmay_strange_pillars
D:5:      layout_basic, serial_shops, shop_fountains, uniq_crazy_yiuf_cottage

Skill      XL: |  1  2  3  4  5  6 |
---------------+-------------------+-----
Invocations    | 1 2 |  2.6
Short Blades   | 1 2 |  2.4
Long Blades    | 1 2 |  2.4
Maces & Flails | 1 2 |  2.4
Polearms       | 1 2 |  2.4
Staves         | 1 2 |  2.4
Ranged Weapons | 1 2 |  2.4
Throwing       | 1 2 |  2.4
Armour         | 1 2 |  2.4
Stealth        | 1 2 |  2.4
Shields        | 1 2 |  2.4
Unarmed Combat | 1 2 |  2.4
Spellcasting   | 1 2 |  2.4
Evocations     | 1 2 |  2.4
Shapeshifting  | 1 2 |  2.2
Conjurations   | 1 2 |  2.0
Hexes          | 1 2 |  2.0
Summonings     | 1 2 |  2.0
Necromancy     | 1 2 |  2.0
Translocations | 1 2 |  2.0
Fire Magic     | 1 2 |  2.0
Ice Magic      | 1 2 |  2.0
Air Magic      | 1 2 |  2.0
Earth Magic    | 1 2 |  2.0
Alchemy        | 1 2 |  2.0
Fighting       | 7 |  7.0
Axes           | 7 |  7.0
Dodging        | 7 |  7.0

Action                     |  1- 3 |  4- 6 |  7- 9 || total
---------------------------+-------+-------+-------++-------
  Melee: Hand axe          |    93 |   245 |    18 ||   356
         Bite              |    10 |    26 |     3 ||    39
  Evoke: Wand              |       |     4 |       ||     4
    Use: Potion            |       |     1 |       ||     1
   Stab: Sleeping          |     2 |     2 |       ||     4
 Armour: Robe              |    26 |       |       ||    26
         Ring mail         |    10 |   109 |    30 ||   149
  Dodge: Dodged            |    63 |   140 |    21 ||   224
  Block: Buckler           |    10 |    83 |    12 ||   105

Table legend: (Time is in decaauts)
 A = Elapsed time spent in this place.
 B = Non-inter-level travel time spent in this place.
 C = Inter-level travel time spent in this place.
 D = Time resting spent in this place.
 E = Time spent auto-exploring this place.
 F = Levels seen in this place.
 G = Mean time per level.
                   A        B        C        D        E       F      G
               +--------+--------+--------+--------+--------+-----+--------+
         Total |   3890 |   3820 |     70 |    107 |   2742 |   5 |  778.0 |
       Dungeon |   3890 |   3820 |     70 |    107 |   2742 |   5 |  778.0 |
               +--------+--------+--------+--------+--------+-----+--------+

Top non-repeatable levels by time:
     D:4: 944 daAuts
     D:1: 934 daAuts
     D:3: 831 daAuts
     D:2: 812 daAuts
     D:5: 368 daAuts

Levels and vault maps discovered:
D:1:      dpeg_arrival_simpleton_b, layout_loops_corners
D:2:      layout_loops_ring
D:3:      layout_basic, nicolae_overflow_hidden_temple, serial_park_tiny_pond,
          uniq_robin
D:4:      layout_loops_ring, minmay_strange_pillars
D:5:      layout_basic, serial_shops, shop_fountains, uniq_crazy_yiuf_cottage
